AoeStats
← Chris

African Clearing

506699205Analyzed
4v4 RM · 18d ago on Sep 14, 2026· 50m 34s· 8 players
Game mode
Random Map
Map size
Large (8 player)
Population
200
Speed
Normal
Resources
Standard
Victory
Conquest
Starting age
Dark Age
Ending age
Imperial Age
RankedLock teamsTeams togetherTeam positionsShared explorationLock speedFull tech treeHidden civsTurbo modeCheats
Victory
Defeat
🇩🇪 Armenians · Germany
1364
+15
🇵🇹 Tupi · Portugal
1342
+16
🇫🇷 Persians · France
1324
+17
🇺🇸 Dravidians · United States
1312
+17
🇪🇸 Lithuanians · Spain
1389
-19
🇺🇸 Poles · United States
1389
-18
🇺🇸 Berbers · United States
1304
-15
🇨🇭 Mongols · Switzerland
1262
-13
chinsa_yama
11:19 Loom
13:04 Feudal Age
13:54 Double-Bit Axe
19:48 Castle Age
19:29 Scale Barding Armor
20:12 Bloodlines
20:51 Husbandry
25:46 Forging
27:36 Wheelbarrow
27:23 Horse Collar
31:51 Hand Cart
34:40 Imperial Age
32:06 Gold Mining
32:39 Chain Barding Armor
33:44 Iron Casting
34:21 Cavalier
35:38 Plate Barding Armor
36:04 Blast Furnace
35:18 Bow Saw
35:29 Heavy Plow
36:43 Crop Rotation
36:42 Savar
39:21 Conscription
39:06 Town Watch
40:00 Gold Shaft Mining
39:18 Stone Mining
42:02 Stone Shaft Mining
42:06 Town Patrol
41:50 Fishing Lines
Pxlgun
6:15 Loom
13:23 Feudal Age
14:10 Double-Bit Axe
15:17 Horse Collar
22:51 Castle Age
21:34 Bloodlines
21:42 Scale Barding Armor
23:03 Forging
23:50 Bow Saw
26:50 Wheelbarrow
26:39 Chain Barding Armor
32:33 Husbandry
33:09 Iron Casting
33:05 Hand Cart
32:35 Town Watch
33:06 Heavy Plow
39:08 Imperial Age
40:52 Blast Furnace
39:30 Cavalier
40:33 Stone Mining
40:33 Gold Mining
45:27 Fletching
45:38 Padded Archer Armor
46:35 Bodkin Arrow
46:17 Light Cavalry
47:32 Conscription
48:25 Bracer
48:40 Leather Archer Armor
49:06 Elite Composite Bowman
50:21 Ballistics
51:01 Chemistry
Im a Smurf
15:10 Feudal Age
15:59 Double-Bit Axe
22:39 Castle Age
21:04 Fletching
21:14 Padded Archer Armor
23:07 Padded Archer Armor
24:13 Wheelbarrow
23:36 Bodkin Arrow
25:04 Loom
25:39 Bow Saw
27:09 Leather Archer Armor
27:51 Horse Collar
29:22 Gold Mining
33:04 Pikeman
34:57 Thumb Ring
37:27 Scale Mail Armor
37:37 Forging
42:47 Imperial Age
42:08 Gambesons
42:23 Squires
42:09 Arson
42:51 Masonry
43:49 Ballistics
45:13 Two-Man Saw
44:22 Halberdier
47:39 Chain Mail Armor
48:00 Iron Casting
49:44 Bracer
50:14 Ring Archer Armor
50:22 Stone Mining
51:13 Ring Archer Armor
51:44 Blast Furnace
51:14 Plate Mail Armor
BARAKA wins!
4:19 Loom
12:28 Feudal Age
13:20 Double-Bit Axe
13:58 Champi Runner
15:05 Arson
15:46 Scale Mail Armor
16:41 Forging
18:19 Horse Collar
25:02 Castle Age
23:38 Gold Mining
26:08 Chain Mail Armor
26:29 Iron Casting
26:01 Squires
26:37 Bow Saw
35:15 Pikeman
36:18 Heavy Plow
38:31 Gold Shaft Mining
39:55 Wheelbarrow
50:03 Stone Mining
Sergio
14:15 Feudal Age
18:15 Castle Age
16:34 Double-Bit Axe
17:48 Fishing Lines
18:57 Forging
25:59 Gillnets
27:04 Scale Barding Armor
28:16 Wheelbarrow
29:18 Iron Casting
30:12 Bloodlines
30:34 Loom
31:10 Bow Saw
31:16 Husbandry
31:18 Gold Mining
33:59 Hand Cart
35:26 Stone Mining
36:57 Chain Barding Armor
40:09 Imperial Age
38:52 Scale Mail Armor
38:12 Pikeman
38:53 Squires
38:25 Light Cavalry
39:52 Chain Mail Armor
40:57 Town Watch
40:44 Cavalier
42:42 Plate Barding Armor
43:05 Conscription
42:54 Paladin
46:59 Padded Archer Armor
47:56 Stone Shaft Mining
48:17 Tower Shields
47:44 Halberdier
48:32 Horse Collar
LooP.
8:44 Loom
12:20 Feudal Age
17:46 Castle Age
16:11 Double-Bit Axe
16:20 Horse Collar
19:26 Bow Saw
26:33 Bloodlines
27:00 Husbandry
27:47 Scale Barding Armor
27:53 Heavy Plow
28:11 Fletching
31:17 Wheelbarrow
31:14 Forging
31:53 Stone Mining
34:33 Bodkin Arrow
36:02 Chain Barding Armor
36:43 Ballistics
36:38 Gold Mining
38:19 Iron Casting
38:04 Hand Cart
38:24 Padded Archer Armor
Chris
10:24 Loom
13:12 Feudal Age
13:40 Double-Bit Axe
18:43 Fishing Lines
25:30 Horse Collar
28:02 Stone Mining
33:31 Castle Age
35:58 Szlachta Privileges
36:17 Bloodlines
36:08 Husbandry
36:06 Light Cavalry
37:00 Scale Barding Armor
37:05 Forging
39:31 Scale Mail Armor
39:39 Heavy Plow
42:39 Bow Saw
43:01 Pikeman
43:41 Squires
44:30 Chain Mail Armor
46:17 Iron Casting
47:26 Wheelbarrow
46:36 Town Watch
48:00 Arson
Noobis
3:24 Loom
15:05 Feudal Age
15:55 Double-Bit Axe
19:10 Castle Age
18:38 Fletching
25:46 Bodkin Arrow
26:42 Padded Archer Armor
28:41 Wheelbarrow
28:35 Ballistics
32:28 Bow Saw
33:23 Light Cavalry
34:13 Bloodlines
34:04 Husbandry
34:43 Horse Collar
37:15 Hand Cart
38:28 Town Watch
42:07 Imperial Age
40:35 Gold Mining
41:33 Scale Barding Armor
41:38 Forging
42:18 Masonry
42:52 Chain Barding Armor
43:14 Gold Shaft Mining
43:20 Heavy Camel Rider
45:39 Plate Barding Armor
45:42 Iron Casting
45:45 Elite Camel Archer
48:08 Chemistry
47:34 Maghrebi Camels
47:55 Conscription
Connection lost

Rejoining the realm…

Still unreachable

The connection could not be restored.

Session expired

The server has moved on; the page needs a fresh start.